 Dungeon Crawl Stone Soup version 0.28-a0-616-gdeb3d7f7b4 (webtiles) character file.

Game seed: 2928561309345624282

257 Crimsonway the Grave Robber (level 5, -2/35 HPs)
             Began as a Vampire Necromancer on Sept 30, 2021.
             Was an Initiate of Makhleb.
             Slain by a gnoll (7 damage)
             ... on level 5 of the Dungeon on Oct 6, 2021.
             The game lasted 00:20:42 (2688 turns).

Crimsonway the Grave Robber (Vampire Necromancer)   Turns: 2688, Time: 00:20:43

Health: -2/35      AC:  3    Str:  7    XL:     5   Next: 93%
Magic:  8/10       EV: 11    Int: 18    God:    Makhleb [......]
Gold:   232        SH:  0    Dex: 15    Spells: 10/11 levels left

rFire   + . .      SeeInvis +   e - +2 dagger (chaos)
rCold   . . .      Faith    .   (no shield)
rNeg    . . .      Spirit   .   b - +0 leather armour {rF+}
rPois   .          Reflect  .   (no helmet)
rElec   .          Harm     .   (no cloak)
rCorr   .          Rampage  .   (no gloves)
Will    .....                   (no boots)
Stlth   ++........              (no amulet)
HPRegen 0.31/turn               (no ring)
MPRegen 0.12/turn               (no ring)

@: healing quickly
A: alive, fangs 3, see invisible, vampiric 2
a: Exsanguinate, Renounce Religion


You were on level 5 of the Dungeon.
You worshipped Makhleb.
Makhleb was noncommittal.
You visited 1 branch of the dungeon, and saw 5 of its levels.

You collected 232 gold pieces.

Inventory:

Hand Weapons
 e - a +2 dagger of chaos (weapon)
 i - a +0 club
 l - a +0 whip of venom
 o - a +0 trident
Armour
 a - a +0 robe
 b - a +0 leather armour of fire resistance (worn)
Magical Staves
 u - a staff of earth
Jewellery
 d - a ring of ice
Wands
 h - a wand of flame (11)
Scrolls
 k - 2 scrolls of teleportation
 m - a scroll of magic mapping
 q - 3 scrolls of identify
 r - a scroll of acquirement {unknown}
 s - a scroll of noise
Potions
 c - 2 potions of haste
 f - a potion of flight
 g - a potion of cancellation
 j - a potion of heal wounds
 n - a potion of brilliance
 p - 2 potions of degeneration
 t - a potion of mutation {unknown}


   Skills:
 + Level 0.2(0.1) Fighting
 + Level 0.3(0.1) Maces & Flails
 + Level 1.4(0.7) Armour
 + Level 2.6(1.3) Dodging
 + Level 4.1(2.0) Stealth
 + Level 0.1(0.0) Unarmed Combat
 + Level 3.5(1.7) Spellcasting
 + Level 5.9(2.9) Necromancy


You had 10 spell levels left.
You knew the following spells:

 Your Spells              Type           Power      Damage    Failure   Level
a - Pain                  Necr           48%        1d6       8%          1

Your spell library contained the following spells:

 Spells                   Type           Power      Damage    Failure   Level
 Animate Skeleton         Necr           24%        N/A       8%          1
 Vampiric Draining        Necr           6%         2d6       24%         3
 Animate Dead             Necr           6%         N/A       61%         4
 Agony                    Necr           12%        N/A       91%         5


Dungeon Overview and Level Annotations

Branches:
Dungeon (5/15)             Temple (0/1) D:4

Altars:
Ashenzari
Dithmenos
Makhleb
Okawaru
Xom

Shops:
D:1 *   D:4 *


Innate Abilities, Weirdness & Mutations

Your natural rate of healing is accelerated.
You have razor-sharp teeth.
You have supernaturally acute eyesight. (SInv)
You are afflicted with vampirism and can become a bat while bloodless.


Message History

Aim: a gnoll, wielding a +0 spear (wandering, hasn't noticed you, chance to affect: 76%)
The gnoll shouts!
The gnoll writhes in agony.
The gnoll shaman shouts!
Aiming: Pain (safe; 8% risk of failure)
Press: ? - help, Q - select action, (/) - cycle Shift-Dir - straight line, f/p - gnoll
Aim: a gnoll, wielding a +0 spear (moderately wounded, chance to affect: 76%)
You miscast Pain.
You are very lightly contaminated with residual magic.
Nothing appears to happen.
The gnoll hits you from afar with a +0 spear.
Aiming: Pain (safe; 8% risk of failure)
Press: ? - help, Q - select action, (/) - cycle Shift-Dir - straight line, f/p - gnoll
Aim: a gnoll, wielding a +0 spear (moderately wounded, chance to affect: 76%)
The gnoll writhes in agony.
A gnoll comes into view. It is wielding a +0 whip.
The gnoll hits you from afar with a +0 spear!
Keep bloodletting? [Y]es or [N]o only, please.
Keep bloodletting?
You begin bloodletting.
You continue bloodletting.
The gnoll hits you but does no damage.
You continue bloodletting.
The gnoll hits you from afar with a +0 spear.
The gnoll shaman barely misses you.
The gnoll hits you from afar with a +0 spear.
You continue bloodletting.
The gnoll barely misses you.
The gnoll shaman calls upon its god to heal the gnoll.
The gnoll's wounds heal themselves!
The gnoll hits you from afar with a +0 spear.
* * * LOW HITPOINT WARNING * * *
You continue bloodletting.
The gnoll hits you from afar with a +0 spear.
* * * LOW HITPOINT WARNING * * *
The gnoll misses you.
Your magical contamination has completely faded away.
You continue bloodletting.
The gnoll hits you from afar with a +0 spear!
You die...

## ..
#.##
#.g.
#gg#
#..#
#g@#
#..#
#..#
....
.###.
.. .#
## .#
.#


You could see a gnoll shaman and 3 gnolls.

Vanquished Creatures
  A water moccasin (D:4)
  A crimson imp (D:4)
  Jessica (D:2)
  Ijyb (D:3)
  2 adders
  2 dart slugs
  3 endoplasms
  3 goblins
  7 hobgoblins
  2 jackals (D:2)
  3 quokkas
  6 ball pythons
  3 bats
  2 frilled lizards
  4 kobolds
  8 rats
49 creatures vanquished.

Vanquished Creatures (others)
  A bat (D:3)
  A plant (D:4)
2 creatures vanquished.

Grand Total: 51 creatures vanquished

Notes
Turn   | Place    | Note
-------+----------+-------------------------------------------
     0 | D:1      | Crimsonway the Vampire Necromancer began the quest for the
                  | Orb.
     0 | D:1      | Reached XP level 1. HP: 13/13 MP: 3/3
   467 | D:1      | Reached XP level 2. HP: 18/19 MP: 3/5
   495 | D:1      | Found a faded altar of an unknown god.
   502 | D:1      | Became a worshipper of Ashenzari the Shackled
   570 | D:1      | Found Mesipt's General Store.
   965 | D:1      | Reached skill level 5 in Necromancy
  1110 | D:2      | Gained mutation: You are afflicted with vampirism and can
                  | become a bat while bloodless. [Vampire growth]
  1110 | D:2      | Reached XP level 3. HP: 19/24 MP: 4/6
  1164 | D:2      | Noticed Jessica
  1170 | D:2      | Killed Jessica
  1226 | D:2      | Reached XP level 4. HP: 23/30 MP: 2/8
  1534 | D:3      | Noticed Ijyb
  1557 | D:3      | Killed Ijyb
  1876 | D:4      | Found Tuebaniph's Assorted Antiques.
  1904 | D:4      | Found a burning altar of Makhleb.
  1904 | D:4      | Found a shimmering altar of Xom.
  1913 | D:4      | Reached skill level 1 in Armour
  1913 | D:4      | Reached XP level 5. HP: 13/35 MP: 9/9
  1928 | D:4      | Fell from the grace of Ashenzari
  1928 | D:4      | Became a worshipper of Makhleb the Destroyer
  1964 | D:4      | Noticed a water moccasin
  1978 | D:4      | Killed a water moccasin
  2183 | D:4      | Found an iron altar of Okawaru.
  2227 | D:4      | Found a staircase to the Ecumenical Temple.
  2414 | D:4      | Upgraded the game from 0.28-a0-563-gf77a47075d to
                  | 0.28-a0-616-gdeb3d7f7b4
  2526 | D:4      | Found a shadowy altar of Dithmenos.
  2679 | D:5      | Entered Level 5 of the Dungeon
  2688 | D:5      | Slain by a gnoll

Illustrated notes

Levels and vault maps discovered:
D:1:      evilmike_arrival_plus, layout_loops_corners, serial_shops,
          nicolae_square_shop, hellmonk_ecumenical_altar_crossroads
D:2:      layout_basic, uniq_jessica
D:3:      layout_rooms, uniq_ijyb
D:4:      layout_rooms, okawaru_gym_becter, nicolae_dithmenos_the_darkroom,
          grunt_temple_overflow_champion_of_chaos,
          minmay_temple_entry_from_below_a, serial_shops, nicolae_square_shop,
          minivault_4, serial_bayou_lagoon_b
D:5:      layout_loops_ring, nemelex_spade_bored_becter,
          mainiacjoe_overflow_catwalk, kennysheep_generic_room_2, uniq_menkaure

Skill      XL: |  1  2  3  4  5 |
---------------+----------------+-----
Necromancy     | 5 |  5.9
Spellcasting   | 3 |  3.5
Armour         | 1 |  1.4
Stealth        | 4 |  4.1
Fighting       | |  0.2
Maces & Flails | |  0.3
Dodging        | |  2.6
Unarmed Combat | |  0.1

Action                   |  1- 3 |  4- 6 || total
-------------------------+-------+-------++-------
Melee: Unarmed           |    24 |       ||    24
       Bite              |     4 |     1 ||     5
       Whip              |    28 |    26 ||    54
       Club              |     4 |       ||     4
       Dagger            |       |     1 ||     1
 Cast: Pain              |    30 |    32 ||    62
 Abil: Exsanguinate      |       |     1 ||     1
  Use: Potion            |     1 |     2 ||     3
       Scroll            |       |     3 ||     3
 Stab: Sleeping          |     3 |     2 ||     5
Armor: Robe              |     2 |       ||     2
       Leather armour    |    13 |     8 ||    21
       Skin              |       |    12 ||    12
Dodge: Dodged            |    30 |    17 ||    47

Table legend: (Time is in decaauts)
 A = Elapsed time spent in this place.
 B = Non-inter-level travel time spent in this place.
 C = Inter-level travel time spent in this place.
 D = Time resting spent in this place.
 E = Time spent auto-exploring this place.
 F = Levels seen in this place.
 G = Mean time per level.
                   A        B        C        D        E       F      G
               +--------+--------+--------+--------+--------+-----+--------+
         Total |   2701 |    694 |   2007 |      0 |      0 |   5 |  540.2 |
       Dungeon |   2701 |    694 |   2007 |      0 |      0 |   5 |  540.2 |
               +--------+--------+--------+--------+--------+-----+--------+

Top non-repeatable levels by time:
     D:1: 978 daAuts
     D:4: 839 daAuts
     D:3: 524 daAuts
     D:2: 350 daAuts
     D:5: 8 daAuts
